 Dungeon Crawl Stone Soup version 0.31.0-32-g396128a36d (webtiles) character file.

Game seed: 27378577214072320

688 Peloso the Slasher (level 7, -13/61 HPs)
             Began as a Minotaur Fighter on Apr 19, 2024.
             Mangled by an ogre
             ... wielding a +0 giant club
              (21 damage)
             ... on level 5 of the Dungeon.
             The game lasted 00:11:02 (4883 turns).

Peloso the Slasher (Minotaur Fighter)               Turns: 4883, Time: 00:11:02

Health: -13/61     AC: 15    Str: 18    XL:     7   Next: 36%
Magic:  6/6        EV:  8    Int:  5    God:
Gold:   319        SH:  5    Dex: 12    Spells: 6/6 levels left

rFire   . . .        a - +0 long sword
rCold   . . .        d - +0 buckler
rNeg    . . .        c - +1 chain mail
rPois   .            (helmet restricted)
rElec   .            g - +1 cloak
rCorr   .            r - +1 Delatra's gloves {ID++}
SInv    .            (no boots)
Will    +....        (no amulet) Stlth
                     (no ring)
HPRegen 0.30/turn    (no ring)
MPRegen 0.10/turn

%: clarity
@: no status effects
A: horns 2, retaliatory headbutt, clarity, strong-willed 1, weak 1
a: no special abilities


You were on level 5 of the Dungeon.
You visited 1 branch of the dungeon, and saw 5 of its levels.

You collected 319 gold pieces.

Inventory:

Hand Weapons
 a - a +0 long sword (weapon)
Armour
 b - a +0 scale mail
 c - a +1 chain mail (worn)
 d - a +0 buckler (worn)
 g - a +1 cloak (worn)
 r - the +1 Delatra's gloves (worn) {ID++}
   (You found it on level 5 of the Dungeon)

   ID++:      It heals its wearer when they drink unknown potions, and restores
   their MP when they read unknown scrolls.
Jewellery
 n - an amulet of guardian spirit
 o - an amulet of faith
Talismans
 k - a maw talisman
Wands
 j - a wand of mindburst (13)
Scrolls
 p - a scroll of butterflies
 q - a scroll of identify
 s - a scroll of teleportation
Potions
 e - a potion of might
 f - 2 potions of curing
 i - a potion of lignification {unknown}
 l - a potion of heal wounds
 m - a potion of brilliance {unknown}


   Skills:
 + Level 5.3 Fighting
 + Level 6.8 Long Blades
 + Level 5.6 Armour
 + Level 1.7 Dodging
 + Level 0.2 Stealth
 + Level 5.0 Shields


You had 6 spell levels left.
You didn't know any spells.
Your spell library contained the following spells:

 Spells                   Type           Power      Damage    Failure   Level
 Freeze                   Ice            0%         1d3       99%         1
 Kiss of Death            Conj/Necr      0%         2d5       99%         1
 Slow                     Hex            0%         N/A       99%         1
 Call Imp                 Summ           0%         N/A       100%        2
 Sublimation of Blood     Necr           0%         N/A       100%        2
 Confusing Touch          Hex            0%         N/A       100%        3
 Frozen Ramparts          Ice            0%         1d1       100%        3
 Hailstorm                Conj/Ice       0%         3d5       100%        3
 Sigil of Binding         Hex            0%         N/A       100%        3
 Vampiric Draining        Necr           0%         2d6       100%        3
 Dispel Undead            Necr           0%         3d6       100%        4
 Petrify                  Alch/Erth      0%         N/A       100%        4
 Irradiate                Conj/Alch      0%         3d11      100%        5
 Summon Hydra             Summ           0%         N/A       100%        7


Dungeon Overview and Level Annotations

Branches:
Dungeon (5/15)
 Temple: D:4-7

Altars:
Kikubaaqudgha
Sif Muna
Trog
Zin

Shops:
D:3 :


Innate Abilities, Weirdness & Mutations

You have a pair of horns on your head.
You reflexively headbutt those who attack you in melee.
You possess an exceptional clarity of mind.
You are strong-willed. (Will+)
You are weak. (Str -2)


Message History

The scorpion is severely wounded.
You feel sick. The scorpion completely misses you.
You slash the scorpion!
You kill the scorpion!
You feel sick.
You feel sick.
You feel yourself slow down.
You feel sick.
You feel sick.
You feel sick.
You feel sick.
You feel sick.
You are no longer poisoned.
HP restored.
There is a shaft here.
An ogre comes into view. It is wielding a +0 giant club.
The ogre shouts!
An ogre is nearby!
An ogre is nearby!
An ogre is nearby!
Found a leather armour.
The ogre misses you.
You barely miss the ogre. You headbutt the ogre!
The ogre is moderately wounded.
The ogre hits you with a +0 giant club.
You slash the ogre!
The ogre is severely wounded.
The ogre hits you with a +0 giant club!!
You slash the ogre!
The ogre is almost dead.
The ogre hits you with a +0 giant club! The ogre misses you.
The ogre closely misses you. The ogre hits you with a +0 giant club!
You block the ogre's attack. The ogre hits you with a +0 giant club!
* * * LOW HITPOINT WARNING * * *
The ogre barely misses you.
The ogre hits you with a +0 giant club!!
You die...

..................
##########.#######
#.#....# #......#
###^#### #.# #.#
#.###########
#....@O....[.
#.########### ###


You could see an ogre.

Vanquished Creatures
  An orc warrior (D:5)
  3 scorpions
  A hound (D:4)
  2 orc priests
  3 orc wizards
  7 gnolls (D:4)
  4 adders
  2 ufetubi (D:4)
  4 ribbon worms
  6 dart slugs
  17 orcs
  8 bats
  4 endoplasms
  4 hobgoblins
  3 jackals (D:2)
  6 quokkas
  12 ball pythons
  6 frilled lizards
  10 goblins
  6 kobolds
  7 rats
116 creatures vanquished.

Notes
Turn   | Place    | Note
-------+----------+-------------------------------------------
     0 | D:1      | Peloso the Minotaur Fighter began the quest for the Orb.
     0 | D:1      | Reached XP level 1. HP: 19/19 MP: 0/0
   188 | D:1      | Reached XP level 2. HP: 27/27 MP: 1/1
   395 | D:1      | Reached skill level 3 in Long Blades
   609 | D:1      | Reached XP level 3. HP: 27/33 MP: 2/2
  1013 | D:2      | Found a faded altar of an unknown god.
  1183 | D:2      | Reached XP level 4. HP: 16/41 MP: 3/3
  1626 | D:3      | Identified the +3 flail "Minotaur's Doom" {elec, rPois rF-
                  | Str+6}
  2130 | D:3      | Found a bloodstained altar of Trog.
  2134 | D:3      | Found a shimmering blue altar of Sif Muna.
  2575 | D:3      | Found Doufape's Book Emporium.
  2948 | D:4      | Found an ancient bone altar of Kikubaaqudgha.
  2967 | D:4      | Reached skill level 4 in Long Blades
  2978 | D:4      | Reached XP level 5. HP: 19/47 MP: 4/4
  3190 | D:4      | Reached skill level 5 in Long Blades
  3190 | D:4      | Reached skill level 1 in Dodging
  3356 | D:4      | Reached XP level 6. HP: 43/55 MP: 5/5
  3612 | D:4      | Found a glowing silver altar of Zin.
  3808 | D:4      | Reached skill level 5 in Fighting
  3848 | D:5      | Entered Level 5 of the Dungeon
  3961 | D:4      | Reached skill level 5 in Armour
  4214 | D:5      | Reached skill level 6 in Long Blades
  4362 | D:5      | Noticed an orc warrior
  4579 | D:5      | Killed an orc warrior
  4580 | D:5      | Reached skill level 5 in Shields
  4580 | D:5      | Reached XP level 7. HP: 55/61 MP: 6/6
  4608 | D:5      | Found the +1 Delatra's gloves {ID++}
  4629 | D:5      | Gained mutation: Your spells are a little harder to cast,
                  | but a little more powerful. [potion of mutation]
  4629 | D:5      | Gained mutation: You have sharp fingernails. [potion of
                  | mutation]
  4630 | D:5      | Lost mutation: You have sharp fingernails. [potion of
                  | mutation]
  4630 | D:5      | Lost mutation: Your spells are a little harder to cast, but
                  | a little more powerful. [potion of mutation]
  4630 | D:5      | Gained mutation: You are weak. (Str -2) [potion of
                  | mutation]
  4630 | D:5      | Gained mutation: You are strong-willed. (Will+) [potion of
                  | mutation]
  4630 | D:5      | Gained mutation: You possess an exceptional clarity of
                  | mind. [potion of mutation]
  4883 | D:5      | Mangled by an ogre

Illustrated notes

Levels and vault maps discovered:
D:1:      mainiacjoe_arrival_oval_in_oval, layout_rooms, minmay_octomino_e4
D:2:      layout_rooms, basic_ecumenical_altar, minmay_fractal_squares_5
D:3:      layout_basic, hellmonk_overflow_destroyed_library, serial_shops, shop
D:4:      layout_gridville, mainiacjoe_overflow_alcove_4, zin_treasury,
          hangedman_abyss_or_decor_passed, grunt_ministairs_2,
          minmay_misc_feat_rugged
D:5:      layout_basic, grunt_decor_cap, pf_guarded_unrand_delatra

Skill      XL: |  1  2  3  4  5  6 |
---------------+-------------------+-----
Fighting       | 4 5 |  5.3
Armour         | 4 5 |  5.6
Shields        | 4 5 |  5.0
Long Blades    | 3 4 5 6 |  6.8
Dodging        | 1 |  1.7
Stealth        | |  0.2

Action                     |  1- 3 |  4- 6 |  7- 9 || total
---------------------------+-------+-------+-------++-------
  Melee: Long sword        |   120 |   176 |    26 ||   322
         Headbutt          |    21 |    32 |     6 ||    59
    Use: Scroll            |     3 |     7 |       ||    10
         Potion            |     1 |     1 |     3 ||     5
 Armour: Chain mail        |   128 |   178 |    22 ||   328
         Scale mail        |     2 |       |       ||     2
  Dodge: Dodged            |    73 |    85 |     8 ||   166
  Block: Buckler           |    39 |    49 |     7 ||    95
